 Dungeon Crawl Stone Soup version 0.23.2-40-g277498a001 (webtiles) character file.

Game seed: 4258076355396924154

427 Felnil the Skirmisher (level 6, -4/55 HPs)
             Began as a Mummy Fighter on Aug 16, 2019.
             Slain by an iguana (8 damage)
             ... on level 4 of the Dungeon.
             The game lasted 00:08:45 (3425 turns).

Felnil the Skirmisher (Mummy Fighter)               Turns: 3425, Time: 00:08:48

Health: -4/55      AC:  6    Str: 22    XL:     6   Next: 65%
Magic:  6/6        EV:  7    Int:  7    God:
Gold:   143        SH:  9    Dex: 11    Spells: 5/5 levels left

rFire    x . .     SeeInvis .   a - +0 war axe
rCold    + . .     Gourm    .   c - +0 shield
rNeg     + + +     Faith    .   b - +0 scale mail
rPois    ∞         Spirit   .   (no helmet)
rElec    .         Reflect  .   (no cloak)
rCorr    .         Harm     .   (no gloves)
MR       .....                  (no boots)
Stlth    ..........             (no amulet)
HPRegen  0.18/turn              (no ring)
MPRegen  0.10/turn              (no ring)

@: no status effects
A: no food or potions, fire vulnerability, cold resistance 1, negative energy
resistance 3, torment resistance, unbreathing
a: no special abilities


You were on level 4 of the Dungeon.
You were not hungry.

You visited 1 branch of the dungeon, and saw 4 of its levels.

You collected 143 gold pieces.

Inventory:

Hand Weapons
 a - a +0 war axe (weapon)
 g - a +4 dagger of draining
Armour
 b - a +0 scale mail (worn)
 c - a +0 shield (worn)
Wands
 h - a wand of disintegration (17)
Scrolls
 d - a scroll of amnesia {unknown}
 e - a scroll of teleportation {unknown}
 f - 2 scrolls of identify {unknown}
 i - a scroll of immolation {unknown}


   Skills:
 + Level 7.6 Fighting
 - Level 1.5 Axes
 - Level 2.4 Armour
 - Level 2.4 Shields


You had 5 spell levels left.
You didn't know any spells.
Your spell library was empty.

Dungeon Overview and Level Annotations

Branches:
Dungeon (4/15)
 Temple: D:4-7

Altars:


Innate Abilities, Weirdness & Mutations

You do not eat or drink.
Your flesh is vulnerable to fire.
You are immune to poison.
Your flesh is cold resistant. (rC+)
You are immune to negative energy. (rN+++)
You are immune to unholy pain and torment.
You can survive without breathing.


Message History

The iguana barely misses you.
You barely miss the iguana.
The iguana is lightly wounded.
You hit the gnoll. You barely miss the gnoll.
The gnoll splashes around in the water.
The iguana bites you.
The gnoll splashes around in the water.
You hit the iguana but do no damage.
The iguana is lightly wounded.
You hit the gnoll. You slash the gnoll!
You kill the gnoll!
The iguana bites you!
* * * LOW HITPOINT WARNING * * *
You block the gnoll's attack. You block the iguana's attack.
You hit the iguana but do no damage.
The iguana is lightly wounded.
Your shield and scale mail prevent you from hitting the gnoll.
The iguana bites you!
* * * LOW HITPOINT WARNING * * *
The iguana bites you!
You die...

#....≈≈≈.# #....≈≈≈.#h.
# #....≈≈###g# #
#...P≈≈#.gg#############
#....≈≈#.hg#......!.....
#....≈≈#####≈≈≈≈≈≈≈≈≈≈l≈
#....≈≈≈≈≈≈≈≈≈≈≈≈≈≈≈≈≈≈g
#P...≈≈gg≈≈≈≈≈≈≈≈≈≈≈≈≈g≈
#......@lg.....†........
####################..##
#..## #.... ##.## #.##
#.# #.# ...


You could see an iguana, 7 gnolls and 2 jackals.

Vanquished Creatures
  A phantom (D:3)
  A howler monkey (D:4)
  Jessica (D:2)
  An orc wizard (D:3)
  A worker ant (D:4)
  5 gnolls (D:4)
  6 adders
  2 oozes
  5 worms (D:3)
  A dart slug (D:3)
  5 orcs (D:3)
  4 ball pythons
  5 giant cockroaches
  7 goblins
  9 hobgoblins
  26 jackals
  A quokka (D:3)
  4 bats
  3 frilled lizards (D:1)
  5 kobolds
  5 rats
98 creatures vanquished.

Notes
Turn   | Place    | Note
-------+----------+-------------------------------------------
     0 | D:1      | Felnil the Mummy Fighter began the quest for the Orb.
     0 | D:1      | Reached XP level 1. HP: 18/18 MP: 1/1
    57 | D:1      | Reached XP level 2. HP: 21/24 MP: 2/2
   378 | D:1      | Reached skill level 4 in Fighting
   556 | D:2      | Noticed Jessica
   564 | D:2      | Killed Jessica
   564 | D:2      | Reached XP level 3. HP: 31/31 MP: 3/3
  1057 | D:2      | Reached skill level 5 in Fighting
  1057 | D:2      | Reached XP level 4. HP: 33/39 MP: 4/4
  1447 | D:3      | Found a faded altar of an unknown god.
  1590 | D:3      | Noticed a phantom
  1608 | D:3      | Killed a phantom
  1608 | D:3      | Reached skill level 6 in Fighting
  1608 | D:3      | Reached XP level 5. HP: 36/46 MP: 5/5
  2518 | D:3      | Reached XP level 6. HP: 32/53 MP: 6/6
  2726 | D:3      | Reached skill level 7 in Fighting
  3425 | D:4      | Slain by an iguana

Skill      XL: |  1  2  3  4  5  6 |
---------------+-------------------+-----
Fighting       | 4 5 6 7 |  7.6
Axes           | |  1.5
Armour         | |  2.4
Shields        | |  2.4

Action                   |  1- 3 |  4- 6 || total
-------------------------+-------+-------++-------
Melee: War axe           |   110 |   230 ||   340
Armor: Scale mail        |    70 |   139 ||   209
Dodge: Dodged            |    28 |    99 ||   127
Block: Shield            |    59 |   159 ||   218
